AoeStats
← tavoo

Lombardia

509471519Analyzed
2v2 RM · 6d ago on Sep 26, 2026· 48m 59s· 4 players
Game mode
Random Map
Map size
Medium (4 player)
Population
200
Speed
Normal
Resources
Standard
Victory
Conquest
Starting age
Dark Age
Ending age
Imperial Age
RankedLock teamsTeams togetherTeam positionsShared explorationLock speedFull tech treeHidden civsTurbo modeCheats
Victory
Defeat
🇺🇸 Khmer · United States
1203
+14
🇺🇸 Persians · United States
1201
+14
🇲🇽 Bulgarians · Mexico
1171
-14
🇲🇽 Tupi · Mexico
1156
-14
tavoo
7:05 Loom
9:26 Feudal Age
10:27 Double-Bit Axe
19:02 Castle Age
17:51 Forging
18:10 Bloodlines
18:43 Scale Barding Armor
19:14 Stone Mining
19:05 Light Cavalry
23:19 Horse Collar
25:32 Wheelbarrow
24:43 Town Watch
26:01 Chain Barding Armor
25:58 Husbandry
26:31 Gold Mining
27:29 Pikeman
28:41 Squires
30:06 Scale Mail Armor
30:41 Iron Casting
30:20 Bow Saw
31:08 Scale Mail Armor
34:51 Imperial Age
34:50 Chain Mail Armor
35:03 Stirrups
35:57 Conscription
35:33 Halberdier
36:51 Plate Barding Armor
38:50 Gold Shaft Mining
38:02 Elite Konnik
42:39 Blast Furnace
42:09 Plate Mail Armor
42:15 Onager
43:08 Fletching
43:17 Hussar
43:24 Hussar
jorgeage34
6:46 Loom
10:25 Feudal Age
11:34 Loom
14:52 Castle Age
14:13 Double-Bit Axe
21:03 Horse Collar
22:11 Fletching
23:55 Padded Archer Armor
24:40 Bodkin Arrow
25:14 Gold Mining
27:13 Leather Archer Armor
28:26 Wheelbarrow
28:16 Pikeman
28:57 Squires
29:35 Bow Saw
29:53 Hand Cart
29:47 Heavy Plow
30:47 Stone Mining
33:11 Gold Shaft Mining
35:51 Imperial Age
33:12 Town Watch
33:18 Arson
33:39 Scale Mail Armor
33:42 Caravan
35:03 Forging
35:26 Ballistics
35:02 Murder Holes
36:15 Iron Casting
37:42 Chemistry
36:46 Bracer
37:09 Conscription
36:55 Curare
38:15 Two-Man Saw
37:11 Halberdier
38:10 Chain Mail Armor
38:39 Caravan
39:37 Onager
41:34 Ring Archer Armor
41:34 Plate Mail Armor
41:17 Caciques
41:48 Hoardings
46:37 Elite Blackwood Archer
Housed MD
6:44 Loom
9:11 Feudal Age
9:33 Double-Bit Axe
14:32 Horse Collar
19:56 Castle Age
18:20 Scale Barding Armor
18:07 Gold Mining
20:39 Bloodlines
20:53 Chain Barding Armor
21:40 Wheelbarrow
22:25 Husbandry
23:16 Forging
24:31 Bow Saw
28:59 Iron Casting
29:39 Town Watch
30:35 Hand Cart
30:45 Heavy Plow
37:31 Imperial Age
36:51 Gold Shaft Mining
36:12 Stone Mining
37:55 Ballistics
37:29 Fletching
37:20 Cavalier
38:38 Plate Barding Armor
38:45 Conscription
40:11 Blast Furnace
39:08 Bodkin Arrow
40:15 Savar
41:47 Hoardings
41:02 Light Cavalry
41:55 Hussar
42:52 Citadels
45:34 Masonry
45:20 Murder Holes
48:05 Two-Man Saw
vada_pav_4life
5:55 Loom
9:00 Feudal Age
11:03 Double-Bit Axe
13:19 Horse Collar
17:12 Gold Mining
19:46 Castle Age
20:41 Stone Mining
23:10 Bow Saw
23:04 Heavy Plow
25:04 Wheelbarrow
25:59 Light Cavalry
26:50 Bloodlines
26:41 Husbandry
28:30 Scale Barding Armor
28:38 Forging
28:20 Fletching
29:31 Chain Barding Armor
29:57 Ballistics
32:28 Imperial Age
32:45 Hand Cart
32:40 Hussar
33:57 Plate Barding Armor
35:23 Chemistry
34:24 Heavy Scorpion
38:05 Iron Casting
38:45 Crop Rotation
38:48 Coinage
38:51 Conscription
38:39 Double Crossbow
43:44 Blast Furnace
42:40 Bodkin Arrow
42:52 Siege Engineers
44:35 Tusk Swords
44:35 Double Crossbow
Connection lost

Rejoining the realm…

Still unreachable

The connection could not be restored.

Session expired

The server has moved on; the page needs a fresh start.